Cogmind - Beta 16 @@@ ROGUE MODE // 2025.12.31 @ 15:04:37 Player: Compilatron Result: Destroyed by Y-72 Warden with Railgun Performance ------------- Evolutions (7) 3500 Regions Visited (16) 3200 Robots Destroyed (84) 420 Value Destroyed (3308) 3308 Prototype IDs (22) 440 Alien Tech Used (2) 400 Bonus (297) 297 TOTAL SCORE: 11565 Bonus ------- Follower Combat Kills 436 Met Zhirov 300 Friendly Fire -439 Cogmind --------- Core Integrity 0/1300 Matter 300/300 Energy 100/100 System Corruption 12% Temperature Cool (9) Movement Core (50) Location -3/Research Parts ------- > --- POWER (2) -------- (None) > --- PROPULSION (8) --- (None) > --- UTILITY (9) ------ Spectral Analyzer Improved Signal Interpreter Advanced Targeting Computer Core Analyzer > --- WEAPON (2) ------- (None) > --- INVENTORY (5) ---- Xenon Bombardment Thruster Improved Target Analyzer Heavy Gauss Cannon Ionic Axe Peak State ------------ > --- POWER ------------ Particle Reactor Micro Antimatter Reactor > --- PROPULSION ------- Medium Treads Medium Treads Biometal Medium Treads Gravmag Array Cooled Gravmag System Cooled Gravmag System Cooled Antigrav System > --- UTILITY ---------- Advanced Heat Sink Advanced Coolant Injector Advanced Energy Well Enhanced Optical Array Improved Signal Interpreter Advanced Targeting Computer Core Analyzer System Shield Advanced Recalibrator > --- WEAPON ----------- Gamma Rifle Enhanced Force Lance > --- INVENTORY -------- Antimatter Reactor Railgun Railgun Heavy Gauss Cannon Ionic Axe [Rating: 130] Favorites ----------- Power Improved Deuterium Engine Engine Improved Deuterium Engine Power Core Light Nuclear Core Reactor Antimatter Reactor Propulsion Aluminum Leg Treads Armored Treads Leg Aluminum Leg Wheel Wheel Hover Unit Cooled Gravmag System Flight Unit Nuclear Pulse Thruster Utility Improved Signal Interpreter Device Advanced Coolant Injector Storage Large Storage Unit Processor Improved Signal Interpreter Hackware System Shield Protection Hardened Light Armor Plating Weapon Gatling Laser Energy Gun Gatling Laser Energy Cannon Advanced Plasma Cannon Ballistic Gun Light Assault Rifle Ballistic Cannon Bore Cannon Launcher Mini Grenade Launcher Special Weapon Stasis Beam Slashing Weapon Ionic Axe Piercing Weapon Enhanced Force Lance Build | -11 -10 -10 -9 -9 -8 -7 -6 -5 -5 -5 -4 -4 -4 -4 -3 -3 ------- Run | Yrd Mat Min Mat Min Mat Fac Fac Fac Was Fac Fac Upp Upp Zhi Pro Res Slots Evolved 14 | . . . 2 . 2 2 2 2 . . 2 . . . . 2 Power 1 | . . . . . . . . . . . 1 . . . . . Propulsion 6 | . . . 1 . 1 . 1 1 . . . . . . . 2 Utility 7 | . . . 1 . 1 2 1 1 . . 1 . . . . . Weapon . | . . . . . . . . . . . . . . . . . Parts Attached 155 | . 13 1 8 3 14 12 15 21 9 2 11 6 . 8 . 32 Power 20 | . 1 1 1 . 3 1 1 1 3 1 1 . . 1 . 5 Engine 7 | . 1 1 . . 1 1 1 . 1 . . . . . . 1 Core 6 | . . . 1 . 2 . . 1 1 1 . . . . . . Reactor 7 | . . . . . . . . . 1 . 1 . . 1 . 4 Propulsion 46 | . 3 . 4 1 4 3 8 5 3 . 2 1 . 3 . 9 Treads 17 | . 1 . . 1 2 1 4 . . . 1 1 . . . 6 Leg 10 | . . . 3 . 2 2 3 . . . . . . . . . Wheel 3 | . 2 . 1 . . . . . . . . . . . . . Hover 8 | . . . . . . . . 2 . . . . . 3 . 3 Flight 8 | . . . . . . . 1 3 3 . 1 . . . . . Utility 55 | . 4 . 2 . 3 5 5 11 1 1 5 5 . 3 . 10 Device 32 | . 2 . 1 . 1 2 1 6 1 . 5 5 . 1 . 7 Storage 3 | . 1 . . . . . . 1 . . . . . 1 . . Processor 11 | . . . 1 . . 1 2 3 . 1 . . . . . 3 Hackware 3 | . . . . . . 2 . 1 . . . . . . . . Protection 6 | . 1 . . . 2 . 2 . . . . . . 1 . . Artifact . | . . . . . . . . . . . . . . . . . Weapon 34 | . 5 . 1 2 4 3 1 4 2 . 3 . . 1 . 8 Energy Gun 13 | . 3 . . 1 2 3 1 . . . . . . . . 3 Energy Cannon 1 | . . . . . . . . 1 . . . . . . . . Ballistic Gun 8 | . 2 . 1 . 1 . . 2 . . 1 . . . . 1 Ballistic Cannon 4 | . . . . . . . . 1 2 . 1 . . . . . Launcher 3 | . . . . 1 1 . . . . . . . . . . 1 Special Weapon 1 | . . . . . . . . . . . . . . 1 . . Impact Weapon . | . . . . . . . . . . . . . . . . . Slashing Weapon 1 | . . . . . . . . . . . . . . . . 1 Piercing Weapon 3 | . . . . . . . . . . . 1 . . . . 2 Special Melee Weapon . | . . . . . . . . . . . . . . . . . Unidentified Prototypes 14 | . . . . . 1 . . 1 . . . . . 7 . 5 Corrupted Parts 1 | . . . . . . . 1 . . . . . . . . . System Corruption 2 | . . . . . . . 2 . . . . . . . . . Parts Lost 85 | . 5 3 2 2 6 4 16 7 . 8 . 6 5 . . 21 Power 11 | . 1 1 . . 1 1 2 1 . 1 . . . . . 3 Propulsion 35 | . 2 1 1 1 3 1 8 3 . 4 . 2 2 . . 7 Utility 26 | . 1 . 1 . 1 1 4 3 . 1 . 4 3 . . 7 Weapon 13 | . 1 1 . 1 1 1 2 . . 2 . . . . . 4 Highest Loss Streak 14 | . 2 2 2 2 2 2 11 2 . 8 . 6 3 . . 14 To Critical Strikes 1 | . . . . . . . . . . . . 1 . . . . Average Backups 9 | . 5 7 12 14 14 14 12 4 4 4 4 4 4 4 4 4 Power 1 | . . . 1 2 2 1 . . . 1 . . 1 2 2 1 Propulsion . | . 3 1 2 1 . . 1 . . . . . . . . . Utility 3 | . . 2 2 3 4 7 5 2 2 1 1 . . . . . Weapon 4 | . 2 3 5 6 6 5 5 2 2 2 1 2 3 2 2 3 Tool/Special . | . . . . . . . . . . . . . . . . . Unused Backups 32 | . 2 . . 5 7 5 7 2 . 1 1 1 . . . 1 Power 3 | . . . . . 3 . . . . . . . . . . . Propulsion . | . . . . . . . . . . . . . . . . . Utility 13 | . 2 . . 3 . 1 4 . . 1 . 1 . . . 1 Weapon 16 | . . . . 2 4 4 3 2 . . 1 . . . . . Tool/Special . | . . . . . . . . . . . . . . . . . Average Slot Usage (%) 76 | . 96 83 84 97 90 91 70 53 79 86 55 60 36 42 66 69 Engine 4 | . 13 8 4 . 6 6 4 . 3 1 . . . . . . Core 1 | . . . 6 11 2 . . 3 . 2 . . . . . . Treads 6 | . 4 8 . 4 8 15 9 . . . 2 5 1 . . 6 Leg 9 | . 14 . 16 23 22 10 14 . . . . . . . . . Wheel 1 | . 7 14 10 4 . . . . . . . . . . . . Hover 2 | . . . . . . . . 3 5 4 . . . 6 15 16 Flight 2 | . . . . . . . . 6 22 24 12 10 2 . . . Device 11 | . 4 14 15 11 7 13 12 10 13 14 10 21 16 8 10 10 Storage 6 | . 14 14 11 11 9 7 5 4 5 5 5 3 . 3 5 3 Processor 8 | . . . . 11 9 7 5 13 11 11 10 10 10 10 10 13 Hackware 3 | . . . . . . 13 1 3 5 5 5 5 5 5 5 3 Protection 2 | . 8 . . . 6 . 4 . . . . . . 3 5 1 Energy Gun 6 | . 12 14 11 8 12 14 9 . . . . . . . . 1 Ballistic Gun 3 | . 15 8 8 6 5 . . 2 1 . 1 . . . . . Peak Build Rating 130 | . 8 8 14 15 31 47 62 59 78 79 88 92 64 83 83 130 Average Rating 44 | . 7 6 11 14 25 41 43 39 61 69 59 74 41 50 79 98 On Entrance 35 | 6 6 8 7 14 15 31 44 9 44 74 28 81 63 21 83 76 Avg Prop Armor Cover (%) 13 | . 11 13 14 22 7 15 10 3 6 4 22 24 27 . . 16 Naked Turns 36 | . . . . . . . 36 . . . . . . . . . Heaviest Build 51 | 11 29 29 33 32 45 41 51 22 37 31 23 24 7 36 36 44 Greatest Support 120 | 20 20 10 30 30 63 63 120 23 31 31 75 24 13 33 33 81 Greatest Overweight (x) 9 | . 2 2 3 1 2 2 1 1 1 . . 1 1 9 1 2 Average Overweight (x) . | . 1 2 1 1 . . . . . . . . . . . . Largest Inventory Capacity 15 | . 15 15 15 15 15 15 15 5 5 5 5 5 5 5 5 5 Average Capacity 10 | . 12 15 15 15 15 15 13 5 5 5 5 5 5 5 5 5 Most Carried 15 | . 9 14 15 15 15 15 15 5 5 5 5 5 5 5 5 5 Average Carried 9 | . 5 7 12 14 14 14 12 4 4 4 4 4 4 4 4 4 Final Capacity 15 | 8 15 15 15 15 15 15 5 5 5 5 5 5 5 5 5 5 Final Carried 15 | 6 6 13 14 14 15 15 5 5 5 4 5 4 5 4 5 4 Class Distribution -------------------- 61% | Mutant 5% | Infiltrator-Mutant 5% | Hacker-Skirmisher 5% | Hacker-Mutant 5% | Skirmisher 4% | Scavenger-Mutant 4% | Scout 3% | Scavenger-Scout Dominant Class ---------------- Mutant | -10/Materials Mutant | -10/Mines Scavenger-Mutant | -9/Materials Mutant | -9/Mines Mutant | -8/Materials Hacker-Skirmisher | -7/Factory Mutant | -6/Factory Mutant | -5/Factory Scavenger-Scout | -5/Waste Scavenger-Scout | -5/Factory Mutant | -4/Factory Infiltrator-Mutant | -4/Upper Caves Infiltrator-Mutant | -4/Upper Caves Mutant | -4/Zhirov Mutant | -3/Proximity Caves Mutant | -3/Research Resources | -11 -10 -10 -9 -9 -8 -7 -6 -5 -5 -5 -4 -4 -4 -4 -3 -3 ----------- Run | Yrd Mat Min Mat Min Mat Fac Fac Fac Was Fac Fac Upp Upp Zhi Pro Res Matter Collected 3089 | 192 183 24 131 92 305 180 172 165 521 164 . 345 9 110 . 496 Remotely . | . . . . . . . . . . . . . . . . . Salvage Created 3792 | . 276 118 155 71 843 193 403 164 387 237 . . . 333 . 612 Parts 160 | . 17 4 8 7 37 6 21 11 5 8 . . . 5 . 31 Haulers Intercepted . | . . . . . . . . . . . . . . . . . Recyclers Shooed 3 | . 3 . . . . . . . . . . . . . . . Parts Field Recycled . | . . . . . . . . . . . . . . . . . Retrieved Matter . | . . . . . . . . . . . . . . . . . Parts Self-Destructed 14 | . . . . . . . . . . . . . 10 4 . . Prevented . | . . . . . . . . . . . . . . . . . Parts Restored . | . . . . . . . . . . . . . . . . . Kills | -11 -10 -10 -9 -9 -8 -7 -6 -5 -5 -5 -4 -4 -4 -4 -3 -3 ------- Run | Yrd Mat Min Mat Min Mat Fac Fac Fac Was Fac Fac Upp Upp Zhi Pro Res Combat Hostiles Destroyed 75 | . 10 3 4 5 23 4 7 3 1 4 . . . . . 11 Melee 10 | . . . . . . . . . . . . . . . . 10 Guns 53 | . 10 3 4 2 23 4 5 2 . . . . . . . . Cannons 6 | . . . . . . . . 1 1 4 . . . . . . AOE 6 | . . . . 3 . . 2 . . . . . . . . 1 Classes Destroyed 12 | . 3 . 1 1 2 2 2 . 1 . . . . . . . Worker 1 | . . . . . . . 1 . . . . . . . . . Builder 2 | . . . . . . . 1 1 . . . . . . . . Operator 1 | . . . . . 1 . . . . . . . . . . . Watcher 2 | . 1 . . . 1 . . . . . . . . . . . Swarmer 20 | . 6 . 1 3 6 . . 1 . . . . . . . 3 Grunt 31 | . 4 3 2 1 14 . 4 . . 3 . . . . . . Brawler 1 | . . . . . 1 . . . . . . . . . . . Duelist 1 | . . . . 1 . . . . . . . . . . . . Sentry 9 | . . . 1 . 2 1 1 . . . . . . . . 4 Hunter 4 | . . . . . . 1 1 1 . 1 . . . . . . Programmer 8 | . . . . . . 2 1 1 . . . . . . . 4 Compactor 1 | . . . . . . . . . 1 . . . . . . . Wasp 1 | . . . . . . . . . 1 . . . . . . . Thug 2 | . . . . . . . . . 1 1 . . . . . . Best Kill Streak 5 | . 3 2 2 3 5 2 3 2 1 3 . . . . . 4 Combat Bots Only 5 | . 3 2 2 3 5 2 2 1 1 3 . . . . . 4 Max Kills in Single Turn 3 | . 1 1 1 3 1 1 2 1 1 1 . . . . . 1 Gunslinging 1 | . . . . 1 . . . . . . . . . . . . Exploded 3 | . . . . 3 . . 1 . . . . . . . . 1 Melee 1 | . . . . . . . . . . . . . . . . 1 Uniques/NPCs Destroyed . | . . . . . . . . . . . . . . . . . Combat | -11 -10 -10 -9 -9 -8 -7 -6 -5 -5 -5 -4 -4 -4 -4 -3 -3 -------- Run | Yrd Mat Min Mat Min Mat Fac Fac Fac Was Fac Fac Upp Upp Zhi Pro Res Hostile Shots Fired 1173 | . 73 30 26 21 108 97 219 69 . 33 10 122 85 . 6 274 Missed 402 | . 14 7 3 8 32 39 62 32 . 15 6 54 29 . 4 97 Hits 771 | . 59 23 23 13 76 58 157 37 . 18 4 68 56 . 2 177 Melee 10 | . . . . 5 5 . . . . . . . . . . . Projectile 761 | . 59 23 23 8 71 58 157 37 . 18 4 68 56 . 2 177 AOE 4 | . . . . . . . . 1 . 3 . . . . . . Critical Strikes 35 | . 1 1 2 1 4 3 9 3 . 2 . 2 1 . . 6 Part Disruptions 1 | . . . . . . . . . . . . . . . . 1 Damage Taken 13581 | . 593 279 271 305 1064 614 2734 749 15 755 79 1029 857 . 22 4215 Core 3701 | . 54 91 55 76 114 52 663 318 15 236 18 122 558 . 22 1307 Absorbed by Shields . | . . . . . . . . . . . . . . . . . Redirected to Shielding 169 | . . . . . . . . . . . . . . . . 169 Regen/Repaired (Parts) 68 | . . . . . . . . . 39 22 7 . . . . . Core Remaining (%) 59 | 100 . 42 . 67 79 92 22 . . 43 . . . . 33 . Volleys Fired 292 | . 61 17 16 11 55 30 27 18 14 29 1 . . . 2 11 Largest 2 | . 2 2 2 2 2 2 2 2 2 2 1 . . . 1 1 Hottest 160 | . 85 85 88 86 160 149 149 80 96 146 33 . . . . 49 Shots Fired 516 | . 109 28 33 18 110 44 56 27 28 49 1 . . . 2 11 Gun 409 | . 109 28 33 14 110 44 52 18 . . 1 . . . . . Cannon 86 | . . . . . . . . 9 28 49 . . . . . . Launcher 19 | . . . . 4 . . 4 . . . . . . . . 11 Special 2 | . . . . . . . . . . . . . . . 2 . Kinetic 218 | . 64 11 17 4 30 . . 27 28 36 1 . . . . . Thermal 275 | . 45 17 16 10 80 44 50 . . 13 . . . . . . Explosive 15 | . . . . 4 . . . . . . . . . . . 11 Electromagnetic 6 | . . . . . . . 6 . . . . . . . . . Robot Hit Streak 16 | . 8 10 9 7 16 9 16 3 4 5 . . . . 1 5 Robot Miss Streak 10 | . 7 3 2 4 5 5 3 5 5 10 1 . . . 1 1 Penetration Max 1 | . . . . . . . . 1 1 1 . . . . . . Secondary Targets 6 | . . 1 . 1 3 1 . . . . . . . . . . Max Gunslinging Chain 1 | . . 1 . 1 1 1 . . . . . . . . . . Shots Hit Robots 356 | . 55 21 23 9 87 28 38 11 12 21 1 . . 9 1 40 Core Hits 189 | . 22 6 7 6 58 12 31 7 7 8 1 . . 2 . 22 Critical Kills 6 | . . . . . . . . . 2 4 . . . . . . Critical Parts Destroyed 8 | . . . . . . . . 1 2 5 . . . . . . Critical Strikes 34 | . 4 1 1 1 1 . . 2 10 9 . . . . . 5 Burn 8 | . 4 1 1 1 1 . . . . . . . . . . . Destroy 20 | . . . . . . . . 1 10 9 . . . . . . Blast 1 | . . . . . . . . 1 . . . . . . . . Sever 2 | . . . . . . . . . . . . . . . . 2 Impale 3 | . . . . . . . . . . . . . . . . 3 Melee Attacks 52 | . . . . . . . . . . . 1 . . 9 . 42 Impact . | . . . . . . . . . . . . . . . . . Slashing 11 | . . . . . . . . . . . . . . . . 11 Piercing 41 | . . . . . . . . . . . 1 . . 9 . 31 Sneak Attacks . | . . . . . . . . . . . . . . . . . Combat Hostiles . | . . . . . . . . . . . . . . . . . Follow-up Attacks 3 | . . . . . . . . . . . . . . . . 3 Damage Inflicted 9023 | . 556 276 367 345 1747 608 1202 394 521 542 40 . . 573 . 1852 Guns 4716 | . 554 276 367 91 1747 608 824 249 . . . . . . . . Cannons 1208 | . . . . . . . . 145 521 542 . . . . . . Explosions 950 | . . . . 254 . . 355 . . . . . . . . 341 Melee 2124 | . . . . . . . . . . . 40 . . 573 . 1511 Ramming 25 | . 2 . . . . . 23 . . . . . . . . . Kinetic 2261 | . 270 68 167 18 413 . . 394 521 410 . . . . . . Thermal 3653 | . 284 208 200 73 1334 608 814 . . 132 . . . . . . Explosive 791 | . . . . 254 . . 196 . . . . . . . . 341 Electromagnetic 169 | . . . . . . . 169 . . . . . . . . . Impact . | . . . . . . . . . . . . . . . . . Slashing 376 | . . . . . . . . . . . . . . . . 376 Piercing 1748 | . . . . . . . . . . . 40 . . 573 . 1135 Highest Corruption 12 | . . . 1 1 . 2 7 3 3 3 1 1 1 1 1 12 Average Corruption 2 | . . . 1 1 . 1 4 2 3 3 1 1 1 1 1 5 Corruption Purged . | . . . . . . . . . . . . . . . . . Corruption Blocked 8 | . . . . . . . 8 . . . . . . . . . Effects 67 | . . . 2 1 . 4 10 8 2 3 3 5 5 4 2 18 Message Errors 17 | . . . . . . 1 3 3 . 2 . 1 2 . 1 4 Matter Fused 16 | . . . 1 . . 1 1 . . . 3 2 1 . 1 6 Heat Flow Errors 12 | . . . . 1 . 1 2 1 . . . 1 2 . . 4 Energy Discharges 7 | . . . . . . . 1 1 1 . . 1 . 2 . 1 Data Loss (minor) 8 | . . . . . . . . 3 . . . . . 2 . 3 Data Loss (major) 1 | . . . . . . 1 . . . . . . . . . . Misfires 4 | . . . 1 . . . 2 . . 1 . . . . . . Alerts 2 | . . . . . . . 1 . 1 . . . . . . . Overload Shots . | . . . . . . . . . . . . . . . . . Overflow Damage 205 | . . . . 21 . . 1 . . . . . . 155 . 28 Projectiles . | . . . . . . . . . . . . . . . . . Explosions 22 | . . . . 21 . . 1 . . . . . . . . . Melee 183 | . . . . . . . . . . . . . . 155 . 28 Knockbacks 4 | . . . . . . . . 2 2 . . . . . . . Impact . | . . . . . . . . . . . . . . . . . Kinetic 3 | . . . . . . . . 2 1 . . . . . . . Secondary 1 | . . . . . . . . . 1 . . . . . . . Self-Inflicted Damage 172 | . 1 . . 54 . . 58 . . . . . . . . 59 Shots 4 | . . . . 2 . . 1 . . . . . . . . 1 Rammed 3 | . 1 . . . . . 2 . . . . . . . . . Targets Rammed 4 | . 1 . . . . . 3 . . . . . . . . . Kicked 1 | . . . . . . . 1 . . . . . . . . . Crushed . | . . . . . . . . . . . . . . . . . Highest Temperature 358 | . 264 358 28 192 258 327 239 78 69 69 . 123 157 . . 194 Average Temperature 76 | . 91 158 16 91 58 115 57 52 28 25 . 76 73 . . 109 Received Heat Transfer 2445 | . 201 180 135 33 468 66 822 183 . 27 9 42 9 . . 270 Effects 1 | . . 1 . . . . . . . . . . . . . . Damage (minor) 1 | . . 1 . . . . . . . . . . . . . . Siege Activations . | . . . . . . . . . . . . . . . . . Martial Activations . | . . . . . . . . . . . . . . . . . Shielding Activations . | . . . . . . . . . . . . . . . . . Robots Disrupted . | . . . . . . . . . . . . . . . . . Combat Hostiles . | . . . . . . . . . . . . . . . . . Robots Corrupted . | . . . . . . . . . . . . . . . . . Combat Hostiles . | . . . . . . . . . . . . . . . . . Parts Fried . | . . . . . . . . . . . . . . . . . Impact Corruptions . | . . . . . . . . . . . . . . . . . Robots Melted . | . . . . . . . . . . . . . . . . . Combat Hostiles . | . . . . . . . . . . . . . . . . . Parts Melted 18 | . 2 1 1 . 5 2 5 . . . . . . . . 2 Heat Transferred 8700 | . 1073 555 555 259 3168 1208 1682 . . 200 . . . . . . Parts Sabotaged . | . . . . . . . . . . . . . . . . . Parts Stolen . | . . . . . . . . . . . . . . . . . Parts Stripped . | . . . . . . . . . . . . . . . . . Power Chain Reactions . | . . . . . . . . . . . . . . . . . Alert | -11 -10 -10 -9 -9 -8 -7 -6 -5 -5 -5 -4 -4 -4 -4 -3 -3 ------- Run | Yrd Mat Min Mat Min Mat Fac Fac Fac Was Fac Fac Upp Upp Zhi Pro Res Maximum Alert Level 1 | . . . . . 1 . . . . 1 . . . . . 1 Low Security (%) 92 | . 100 100 100 100 82 100 100 100 100 87 100 . . . . 66 Level 1 7 | . . . . . 17 . . . . 12 . . . . . 33 Level 2 . | . . . . . . . . . . . . . . . . . Level 3 . | . . . . . . . . . . . . . . . . . Level 4 . | . . . . . . . . . . . . . . . . . Level 5 . | . . . . . . . . . . . . . . . . . High Security . | . . . . . . . . . . . . . . . . . Max Security . | . . . . . . . . . . . . . . . . . Peak Influence 306 | . 61 40 51 84 259 98 130 66 65 291 127 . . . . 306 Initial 306 | . . 4 . 6 . 98 . 28 20 . 127 . . . . 306 Average 53 | . 22 11 21 24 74 16 36 25 23 86 56 . . . . 165 Influence Increases 4027 | . 280 85 116 150 599 180 395 396 83 542 . 120 240 15 30 796 Destroy 0b10 Robot/C 1680 | . 200 60 80 100 460 80 140 100 . 240 . . . . . 220 Destroy 0b10 Robot/NC 50 | . 5 . . . 10 . 10 5 . 5 . . . 15 . . Destroy Leader 404 | . 42 10 20 20 82 40 40 10 . 70 . . . . . 70 Allied During Kill 96 | . . . . . . . . 2 . 94 . . . . . . Successful Hack 86 | . 3 . . . 14 15 . 31 . 5 . . . . . 18 Select Force Hacks 90 | . . . . . . 30 60 . . . . . . . . . Disable Machine 90 | . . . . . . 15 30 15 . 30 . . . . . . Destroy Structure 301 | . . . 1 30 3 . 25 8 68 38 . . . . . 128 Advance Influence 300 | . . . . . . . . . . . . . . . . 300 Partial Spotted 45 | . . . . . . . . 15 15 15 . . . . . . Lose Combat Pursuer 885 | . 30 15 15 . 30 . 90 210 . 45 . 120 240 . 30 60 Influence Decreases 3973 | . 269 96 100 166 381 398 336 397 141 281 261 95 173 107 20 752 Entered New Map 442 | . . 7 . 10 . 120 . 31 38 . 134 . 6 92 . 4 Time Decay 2596 | . 239 69 80 140 321 278 264 297 50 91 127 70 137 15 20 398 Search Patrol Dispatched 100 | . . . . . . . . . . . . . . . . 100 Lost Part 612 | . 30 20 20 16 60 . 72 49 . 80 . 25 30 . . 210 Lost Ally 223 | . . . . . . . . 20 53 110 . . . . . 40 Squads Dispatched 31 | . 2 . . . 4 2 7 3 . 6 4 . . . . 3 Investigation 11 | . . . . . 2 1 4 . . 2 1 . . . . 1 Extermination 8 | . . . . . . 1 2 2 . . 1 . . . . 2 Reinforcement 11 | . 2 . . . 2 . . 1 . 4 2 . . . . . Assault . | . . . . . . . . . . . . . . . . . Garrison 1 | . . . . . . . 1 . . . . . . . . . Intercept . | . . . . . . . . . . . . . . . . . Searches Triggered 1 | . . . . . . . . . . . . . . . . 1 Construction Impeded 1 | . . . . . . . . 1 . . . . . . . . Haulers Reinforced . | . . . . . . . . . . . . . . . . . Active Scanning Responses . | . . . . . . . . . . . . . . . . . Cargo Convoy Interrupts . | . . . . . . . . . . . . . . . . . Stealth | -11 -10 -10 -9 -9 -8 -7 -6 -5 -5 -5 -4 -4 -4 -4 -3 -3 --------- Run | Yrd Mat Min Mat Min Mat Fac Fac Fac Was Fac Fac Upp Upp Zhi Pro Res Distress Signals 5 | . . . . . 1 . 2 2 . . . . . . . . Communications Jammed 3 | . . . . . . . . . . . 3 . . . . . Distress Signals 3 | . . . . . . . . . . . 3 . . . . . Times Spotted 215 | . 19 3 4 7 36 7 23 27 3 20 7 10 20 . 5 24 Peak Tracking Total 14 | . 3 2 3 3 6 2 5 7 2 9 5 5 5 . 3 14 Tactical Retreats 34 | . 2 1 1 . 2 . 3 7 . 2 . 3 7 . 2 4 Traps | -11 -10 -10 -9 -9 -8 -7 -6 -5 -5 -5 -4 -4 -4 -4 -3 -3 ------- Run | Yrd Mat Min Mat Min Mat Fac Fac Fac Was Fac Fac Upp Upp Zhi Pro Res Traps Triggered 17 | . 2 . 1 . 2 3 3 2 . 1 1 . . . . 2 Indirectly . | . . . . . . . . . . . . . . . . . Trap Hack Attempts . | . . . . . . . . . . . . . . . . . Triggered . | . . . . . . . . . . . . . . . . . Disarmed . | . . . . . . . . . . . . . . . . . Reprogrammed . | . . . . . . . . . . . . . . . . . Reused . | . . . . . . . . . . . . . . . . . Traps Extracted . | . . . . . . . . . . . . . . . . . Installed . | . . . . . . . . . . . . . . . . . Triggered . | . . . . . . . . . . . . . . . . . Machines | -11 -10 -10 -9 -9 -8 -7 -6 -5 -5 -5 -4 -4 -4 -4 -3 -3 ---------- Run | Yrd Mat Min Mat Min Mat Fac Fac Fac Was Fac Fac Upp Upp Zhi Pro Res Machines Disabled 6 | . . . . . . 1 2 1 . 2 . . . . . . Max in Single Turn 2 | . . . . . . 1 2 1 . 1 . . . . . . Garrison Access 2 | . . . . . . . . . . . 1 . . . . 1 Machines Repaired . | . . . . . . . . . . . . . . . . . Machines Dismantled . | . . . . . . . . . . . . . . . . . Machines Sabotaged . | . . . . . . . . . . . . . . . . . Overloaded Fab Kills . | . . . . . . . . . . . . . . . . . Hacking | -11 -10 -10 -9 -9 -8 -7 -6 -5 -5 -5 -4 -4 -4 -4 -3 -3 --------- Run | Yrd Mat Min Mat Min Mat Fac Fac Fac Was Fac Fac Upp Upp Zhi Pro Res Machines Accessed 34 | . 1 . . . 2 5 3 4 . 4 5 . 1 4 . 5 Terminals 11 | . . . . . 2 1 1 1 . 2 2 . 1 . . 1 Fabricators 6 | . . . . . . 1 . 2 . 1 1 . . . . 1 Repair Stations 5 | . . . . . . 2 . . . 1 1 . . . . 1 Recycling Units 2 | . 1 . . . . . 1 . . . . . . . . . Scanalyzers 4 | . . . . . . 1 1 1 . . . . . . . 1 Garrison Access 2 | . . . . . . . . . . . 1 . . . . 1 Total Hacks 78 | . 3 . . . 5 15 4 9 . 10 11 . 1 10 . 10 Successful 44 | . 3 . . . 3 7 3 7 . 3 3 . 1 10 . 4 Failed 34 | . . . . . 2 8 1 2 . 7 8 . . . . 6 Catastrophic 7 | . . . . . . 2 . . . 1 1 . . . . 3 Database Lockouts . | . . . . . . . . . . . . . . . . . Manual 39 | . 2 . . . 5 8 4 7 . 5 5 . . . . 3 Terminals 28 | . . . . . 5 8 2 4 . 4 3 . 1 . . 1 Fabricators 15 | . . . . . . 2 . 4 . 3 3 . . . . 3 Repair Stations 13 | . . . . . . 4 . . . 3 4 . . . . 2 Recycling Units 4 | . 3 . . . . . 1 . . . . . . . . . Scanalyzers 6 | . . . . . . 1 1 1 . . . . . . . 3 Garrison Access 2 | . . . . . . . . . . . 1 . . . . 1 Terminal Hacks 13 | . . . . . . 2 . . . . . . 1 10 . . Record 3 | . . . . . . . . . . . . . 1 2 . . Part Schematic 4 | . . . . . . . . . . . . . . 4 . . Prototype ID Bank 4 | . . . . . . . . . . . . . . 4 . . Terminal Index 1 | . . . . . . 1 . . . . . . . . . . Locate Traps 1 | . . . . . . 1 . . . . . . . . . . Fabricator Hacks 1 | . . . . . . . . 1 . . . . . . . . Build 1 | . . . . . . . . 1 . . . . . . . . Repair Station Hacks 4 | . . . . . . 1 . . . 2 . . . . . 1 Scan Component 2 | . . . . . . 1 . . . 1 . . . . . . Repair 1 | . . . . . . . . . . 1 . . . . . . Refit 1 | . . . . . . . . . . . . . . . . 1 Recycling Unit Hacks 1 | . 1 . . . . . . . . . . . . . . . Report Inventory 1 | . 1 . . . . . . . . . . . . . . . Scanalyzer 2 | . . . . . . . . 1 . . . . . . . 1 Retrieve Study 2 | . . . . . . . . 1 . . . . . . . 1 Garrison Access Hacks 2 | . . . . . . . . . . . 1 . . . . 1 Seal Access 2 | . . . . . . . . . . . 1 . . . . 1 Unauthorized Hacks 21 | . 2 . . . 3 4 3 5 . 1 2 . . . . 1 Terminals 10 | . . . . . 3 2 1 3 . 1 . . . . . . Track 2 | . . . . . 1 . . 1 . . . . . . . . Botnet 4 | . . . . . 1 1 . 1 . 1 . . . . . . Operators 3 | . . . . . 1 1 . 1 . . . . . . . . Search 1 | . . . . . . . 1 . . . . . . . . . Fabricators 5 | . . . . . . 1 . 2 . . 1 . . . . 1 Liberate 5 | . . . . . . 1 . 2 . . 1 . . . . 1 Repair Stations 1 | . . . . . . . . . . . 1 . . . . . Patch 1 | . . . . . . . . . . . 1 . . . . . Recycling Units 3 | . 2 . . . . . 1 . . . . . . . . . Monitor 1 | . 1 . . . . . . . . . . . . . . . Recyclers 1 | . 1 . . . . . . . . . . . . . . . Tunnel 1 | . . . . . . . 1 . . . . . . . . . Scanalyzers 2 | . . . . . . 1 1 . . . . . . . . . Extract 2 | . . . . . . 1 1 . . . . . . . . . Garrison Access . | . . . . . . . . . . . . . . . . . Data Cores Recovered 1 | . . . . . 1 . . . . . . . . . . . Used . | . . . . . . . . . . . . . . . . . Hacking Detections 22 | . 1 . . . 2 4 . 4 . 3 4 . . . . 4 Full Trace Events 1 | . . . . . . . . . . 1 . . . . . . Feedback Events . | . . . . . . . . . . . . . . . . . Feedback Blocked . | . . . . . . . . . . . . . . . . . Robot Schematics Acquired . | . . . . . . . . . . . . . . . . . Robots Built 2 | . . . . . . . . 2 . . . . . . . . Authchips . | . . . . . . . . . . . . . . . . . Time 152 | . . . . . . . . 152 . . . . . . . . Total Robot Build Rating 10 | . . . . . . . . 10 . . . . . . . . Part Schematics Acquired 8 | . . . . . . 2 2 . . . . . . 4 . . Parts Built . | . . . . . . . . . . . . . . . . . Authchips . | . . . . . . . . . . . . . . . . . Time . | . . . . . . . . . . . . . . . . . Total Part Build Rating . | . . . . . . . . . . . . . . . . . Part Studies Acquired 2 | . . . . . . . . 1 . . . . . . . 1 Parts Repaired 1 | . . . . . . . . . . 1 . . . . . . Time 32 | . . . . . . . . . . 32 . . . . . . Parts Recycled . | . . . . . . . . . . . . . . . . . Recycled Matter . | . . . . . . . . . . . . . . . . . Retrieved Matter . | . . . . . . . . . . . . . . . . . Retrieved Components . | . . . . . . . . . . . . . . . . . Parts Scanalyzed . | . . . . . . . . . . . . . . . . . Part Schematics Acquired . | . . . . . . . . . . . . . . . . . Parts Damaged . | . . . . . . . . . . . . . . . . . Bothacking | -11 -10 -10 -9 -9 -8 -7 -6 -5 -5 -5 -4 -4 -4 -4 -3 -3 ------------ Run | Yrd Mat Min Mat Min Mat Fac Fac Fac Was Fac Fac Upp Upp Zhi Pro Res Used RIF Installer . | . . . . . . . . . . . . . . . . . Robots Hacked . | . . . . . . . . . . . . . . . . . Non-combat . | . . . . . . . . . . . . . . . . . Combat . | . . . . . . . . . . . . . . . . . Robot Hacks Applied . | . . . . . . . . . . . . . . . . . Relay Couplers Released . | . . . . . . . . . . . . . . . . . Fabnet Peak Effective % . | . . . . . . . . . . . . . . . . . Robots Rewired 1 | . . . . . . . . 1 . . . . . . . . Allies Hacked . | . . . . . . . . . . . . . . . . . Hacks Repelled . | . . . . . . . . . . . . . . . . . Allies | -11 -10 -10 -9 -9 -8 -7 -6 -5 -5 -5 -4 -4 -4 -4 -3 -3 -------- Run | Yrd Mat Min Mat Min Mat Fac Fac Fac Was Fac Fac Upp Upp Zhi Pro Res Total Allies 23 | . . . . . . . . 3 18 . . . . . . 2 Largest Group 18 | . . . . . . . . 2 18 7 . . . . . 2 Highest-Rated Group 638 | . . . . . . . . 30 638 269 . . . . . 128 Highest-Rated Ally 64 | . . . . . . . . 30 50 46 . . . . . 64 Total Orders 3 | . . . . . . . . . . . . 3 . . . . EXPLORE 3 | . . . . . . . . . . . . 3 . . . . Ally Attacks 177 | . . . . . . . . 6 112 56 . . . . . 3 Total Damage 5724 | . . . . . . . . 94 4123 1401 . . . . . 106 Kills 21 | . . . . . . . . 2 10 9 . . . . . . Allies Corrupted 2 | . . . . . . . . . . . . . . . . 2 Allies Melted . | . . . . . . . . . . . . . . . . . Intel | -11 -10 -10 -9 -9 -8 -7 -6 -5 -5 -5 -4 -4 -4 -4 -3 -3 ------- Run | Yrd Mat Min Mat Min Mat Fac Fac Fac Was Fac Fac Upp Upp Zhi Pro Res Active Infowar (turns) 6591 | . 150 92 116 428 145 1118 931 702 193 213 307 382 407 219 233 955 Optics 3721 | . . . . . . . 110 702 193 213 307 382 407 219 233 955 Sensors 2586 | . . . 3 428 145 862 175 557 59 171 . . . . . 186 IFF 807 | . . . . . . . 807 . . . . . . . . . Terrain 1436 | . . . . . . 1068 368 . . . . . . . . . Seismic 584 | . 150 92 113 . . . . . . . . 61 168 . . . Cloaking 233 | . . . . . . . . . . . . 233 . . . . Jamming 501 | . . . . . . . . 68 . . 180 253 . . . . ECM 1 | . . . . . . . . . . . . 1 . . . . Robot Analysis Total . | . . . . . . . . . . . . . . . . . Derelict Logs Recovered 7 | . . 1 . 2 . . . . . . . 3 1 . . . Drone Launches 3 | . . . . . . . . . . . . 3 . . . . Drone Recoveries 1 | . . . . . . . . . . . . 1 . . . . Exploration | -11 -10 -10 -9 -9 -8 -7 -6 -5 -5 -5 -4 -4 -4 -4 -3 -3 ------------- Run | Yrd Mat Min Mat Min Mat Fac Fac Fac Was Fac Fac Upp Upp Zhi Pro Res Turns Passed 8735 | . 661 232 249 428 1278 1309 967 702 193 213 307 382 407 219 233 955 Spaces Moved 7887 | 1 374 147 147 257 554 621 781 1230 252 345 597 458 632 222 374 895 Core 702 | . . . . . . . 255 . . . . . 302 144 . 1 Treads 519 | . . . . . 204 242 70 . . . 1 . . . . 2 Legs 1420 | 1 146 . 3 122 350 379 419 . . . . . . . . . Wheels 654 | . 228 147 144 135 . . . . . . . . . . . . Hover 1744 | . . . . . . . . 400 . . . . . 78 374 892 Flight 2848 | . . . . . . . 37 830 252 345 596 458 330 . . . Fastest Speed 26 | 120 110 110 110 115 120 120 40 28 26 26 32 72 40 42 42 38 Average Speed 89 | 120 119 110 117 150 189 189 105 44 30 26 45 79 62 65 59 79 Slowest Speed 500 | 120 260 110 190 190 260 260 240 120 104 34 160 160 100 500 92 240 Overloaded Moves 279 | . . . . . . . . 279 . . . . . . . . Propulsion Burnouts . | . . . . . . . . . . . . . . . . . Robots Hopped 30 | . . . . . . . . 21 . 4 2 2 1 . . . Potential Cave-ins . | . . . . . . . . . . . . . . . . . Cave-ins Triggered . | . . . . . . . . . . . . . . . . . Teleports 1 | . . . . . . . . . . . . . . 1 . . Exploration Rate (%) 42 | 2 46 36 18 65 41 13 25 36 90 12 17 83 79 63 64 28 Regions Visited 16 Branch Regions 6 Pre-discovered Areas 4 | . . 1 . . . . 1 . . . . 1 1 . . . Known Exits Taken 10 | . . . 1 1 1 1 . . . 1 1 1 1 1 1 . Unknown Exits Taken 4 | 1 1 1 . . . . 1 . . . . . . . . . Scrap Searched 8 | . . 1 . 1 . . . . . . . 5 1 . . . Spaces Dug . | . . . . . . . . . . . . . . . . . Terrain Destroyed 220 | . . . . 34 . . 35 4 7 21 . . . . . 119 Melee . | . . . . . . . . . . . . . . . . . Projectile 32 | . . . . . . . . 4 7 21 . . . . . . AOE 188 | . . . . 34 . . 35 . . . . . . . . 119 Terrain Rammed . | . . . . . . . . . . . . . . . . . Walls Destroyed . | . . . . . . . . . . . . . . . . . Machines Disabled . | . . . . . . . . . . . . . . . . . Actions | -11 -10 -10 -9 -9 -8 -7 -6 -5 -5 -5 -4 -4 -4 -4 -3 -3 --------- Run | Yrd Mat Min Mat Min Mat Fac Fac Fac Was Fac Fac Upp Upp Zhi Pro Res Total 8936 | . 489 191 189 285 674 707 861 1339 337 414 628 473 644 273 376 1056 Wait 330 | . 30 16 8 . 17 12 18 61 48 35 1 3 12 29 . 40 Move 7816 | . 373 146 146 256 553 620 780 1191 251 337 592 453 629 221 373 895 Hop 26 | . . . . . . . . 18 . 3 2 2 1 . . . Pick Up 97 | . 9 9 8 6 18 13 6 7 6 . 5 1 1 1 . 7 Fast Attach 89 | . 1 . . 1 5 9 3 15 4 2 7 5 . 9 . 28 Attach 67 | . 9 1 6 2 4 6 8 12 2 1 8 2 . 2 . 4 Detach 24 | . . . . 1 . 2 1 8 . 1 6 3 . . 1 1 Swap 48 | . 4 1 4 3 6 5 9 1 6 2 . . . . . 7 Drop 93 | . 1 1 1 5 16 10 6 7 6 4 5 4 1 . . 26 Fire 292 | . 61 17 16 11 55 30 27 18 14 29 1 . . . 2 11 Melee 47 | . . . . . . . . . . . 1 . . 9 . 37 Ram 2 | . 1 . . . . . 1 . . . . . . . . . Kick 1 | . . . . . . . 1 . . . . . . . . . Crush 1 | . . . . . . . 1 . . . . . . . . . Escape Stasis . | . . . . . . . . . . . . . . . . . Rewire 3 | . . . . . . . . 1 . . . . . 2 . . Trap . | . . . . . . . . . . . . . . . . . Miscellaneous . | . . . . . . . . . . . . . . . . . Route ------- -11/Scrapyard -10/Materials (discovered 2 exits: [*Mat] / [*Min]) -10/Mines -9/Materials -9/Mines -8/Materials -7/Factory -6/Factory -5/Factory -5/Waste -5/Factory (discovered 2 exits: *Fac / [*Upp]) -4/Factory -4/Upper Caves -4/Upper Caves -4/Zhirov -3/Proximity Caves -3/Research (discovered 1 exit: Res) History --------- Turn | Location | Event 1 | -11/Scrapyard | Discovered new exit (range 0) 1 | -11/Scrapyard | Entered Materials 177 | -10/Materials | Discovered new exit (range 16) 311 | -10/Materials | Build established: Mutant 529 | -10/Materials | Discovered new exit (range 15) 662 | -10/Materials | Entered Mines 669 | -10/Mines | Met a Derelict bent on vengeance 709 | -10/Mines | Learned location of Storage (-7) 802 | -10/Mines | Core integrity fell below 50% 845 | -10/Mines | Found DCF Scrap (14 items) 853 | -10/Mines | Discovered new exit (range 8) 894 | -10/Mines | Entered Materials 894 | -9/Materials | Evolved 2 slots: Propulsion x1, Utility x1 1089 | -9/Materials | Discovered new exit (range 16) 1143 | -9/Materials | Identified exit to Mines 1143 | -9/Materials | Entered Mines 1183 | -9/Mines | Received a Rocket Launcher from a helpful Derelict 1229 | -9/Mines | Joined a pair of Derelicts in attacking an 0b10 outpost 1347 | -9/Mines | A weapon hastily lodged in a ceiling crevice suddenly fell to the ground 1359 | -9/Mines | Assembled infested the area 1364 | -9/Mines | Assisted by a Guerilla fighting off Assembled 1426 | -9/Mines | Learned Materials stockpile data 1430 | -9/Mines | Learned Materials security intel 1548 | -9/Mines | Discovered new exit (range 9) 1561 | -9/Mines | Identified exit to Materials 1571 | -9/Mines | Entered Materials 1571 | -8/Materials | Evolved 2 slots: Propulsion x1, Utility x1 2581 | -8/Materials | Discovered new exit (range 12) 2689 | -8/Materials | Identified exit to Factory 2849 | -8/Materials | Entered Factory 2849 | -7/Factory | Evolved 2 slots: Utility x2 3156 | -7/Factory | Build established: Hacker-Mutant 3637 | -7/Factory | Build established: Hacker-Skirmisher 3809 | -7/Factory | Discovered new exit (range 10) 4156 | -7/Factory | Identified exit to Factory 4158 | -7/Factory | Entered another Factory area 4158 | -6/Factory | Evolved 2 slots: Propulsion x1, Utility x1 4193 | -6/Factory | Build established: Skirmisher 4454 | -6/Factory | Garrison activated, responded to threat 4627 | -6/Factory | Build established: Mutant 4948 | -6/Factory | Lost 11 parts (1p6n2u2w) 4979 | -6/Factory | Released all parts (3) 5036 | -6/Factory | Core integrity fell below 50% 5121 | -6/Factory | Discovered new exit (range 10) 5125 | -6/Factory | Entered another Factory area 5125 | -5/Factory | Evolved 2 slots: Propulsion x1, Utility x1 5470 | -5/Factory | Fabricated E-15 Imp? 5791 | -5/Factory | Discovered new exit (range 19) 5827 | -5/Factory | Sucked down chute 5827 | -5/Factory | Entered Waste 5836 | -5/Waste | Spotted C-40 Crusher 5837 | -5/Waste | Spotted C-40 Crusher 5841 | -5/Waste | Warlord forces began an assault 5854 | -5/Waste | Allies destroyed C-40 Crusher 5895 | -5/Waste | Spotted C-40 Crusher 5896 | -5/Waste | Spotted C-40 Crusher 5912 | -5/Waste | Destroyed C-40 Crusher 5916 | -5/Waste | Spotted C-40 Crusher 5931 | -5/Waste | Allies destroyed C-40 Crusher 5948 | -5/Waste | Allies destroyed C-40 Crusher 5970 | -5/Waste | Discovered new exit (range 12) 5978 | -5/Waste | Lost 8 allies 6015 | -5/Waste | Identified exit to Factory 6020 | -5/Waste | Entered Factory 6020 | -5/Factory | Accompanied by 7 allies 6176 | -5/Factory | Repaired VTOL Module 6188 | -5/Factory | Discovered new exit (range 20) 6205 | -5/Factory | Core integrity fell below 50% 6232 | -5/Factory | Identified exit to Factory 6233 | -5/Factory | Discovered new exit (range 8) 6233 | -5/Factory | Entered another Factory area 6233 | -4/Factory | Evolved 2 slots: Power x1, Utility x1 6260 | -4/Factory | Lost 8 parts (1p4n1u2w) 6260 | -4/Factory | Lost 5 allies 6537 | -4/Factory | Discovered new exit (range 3) 6539 | -4/Factory | Identified exit to Upper Caves 6540 | -4/Factory | Entered Upper Caves 6551 | -4/Upper Caves | Found DCF Scrap (11 items) 6595 | -4/Upper Caves | Learned location of Armory (-3) 6725 | -4/Upper Caves | Learned Research interactive machine intel 6827 | -4/Upper Caves | Lost 6 parts (2n4u) 6885 | -4/Upper Caves | Learned location of 1 exit from Research 6910 | -4/Upper Caves | Discovered new exit (range 15) 6921 | -4/Upper Caves | Identified exit to Upper Caves 6922 | -4/Upper Caves | Entered another Upper Caves area 6947 | -4/Upper Caves | Learned location of Quarantine (-3) 7007 | -4/Upper Caves | Encountered a Warlord checkpoint 7121 | -4/Upper Caves | Lost 3 parts (1n2u) 7232 | -4/Upper Caves | Core integrity fell below 50% 7250 | -4/Upper Caves | Attracted the attention of an 0b10 checkpoint 7327 | -4/Upper Caves | Discovered new exit (range 4) 7328 | -4/Upper Caves | Identified exit to Zhirov 7329 | -4/Upper Caves | Entered Zhirov 7329 | -4/Zhirov | Discovered new exit (range 3) 7339 | -4/Zhirov | Met Zhirov 7359 | -4/Zhirov | Zhirov requested help retrieving the SGEMP Prototype 7370 | -4/Zhirov | Found Alien Artifact 7370 | -4/Zhirov | Identified Transdimensional Reconstructor 7370 | -4/Zhirov | Warped through subspace 7392 | -4/Zhirov | Found Alien Artifact 7392 | -4/Zhirov | Identified Integrated Dissipator 7392 | -4/Zhirov | Installed Integrated Dissipator, increased core heat dissipation (+20) 7547 | -4/Zhirov | Identified exit to Proximity Caves 7548 | -4/Zhirov | Entered Proximity Caves 7550 | -3/Proximity Caves | Spotter reported a threat 7551 | -3/Proximity Caves | Spotter reported a threat 7776 | -3/Proximity Caves | Discovered new exit (range 8) 7779 | -3/Proximity Caves | Identified exit to Research 7781 | -3/Proximity Caves | Entered Research 7781 | -3/Research | Evolved 2 slots: Propulsion x2 7782 | -3/Research | Identified exit to Research 7783 | -3/Research | Loaded intel: 44 interactive machine locations 8031 | -3/Research | Search patrols dispatched 8483 | -3/Research | Lost 3 parts (1p1n1w) 8487 | -3/Research | Found Prototype Processor 8487 | -3/Research | Identified Spectral Analyzer 8646 | -3/Research | Spotted B-86 Titan 8654 | -3/Research | Spotted B-86 Titan 8713 | -3/Research | System corruption reached 10% 8718 | -3/Research | Core integrity fell below 50% 8732 | -3/Research | Core integrity fell below 20% 8736 | -3/Research | Destroyed by Y-72 Warden with Railgun Last Messages --------------- 08729_ Penetrated by Slug. 08731_ P-80 Master suffers critical hit (Impale). 08731_ P-80 Master destroyed. 08731_ Particle Reactor destroyed. 08731_ Penetrated by Slug. 08731_ Slug penetrates Wall. 08732_ Penetrated by Slug. 08732_ Enh. Force Lance destroyed. 08732_ Penetrated by Slug. 08732_ Adv. Cryofiber Web destroyed. 08732_ Penetrated by Slug. 08732_ Slug penetrates Wall. 08734_ Slug penetrates B-86 Titan. 08734_ Slug penetrates Wall. 08734_ Knocked back. 08734_ Slug penetrates Wall. 08735_ Acquired Corrupted Xenon Bombardment Thruster. 08736_ Penetrated by Slug. Map ----- +----------------------------------------------------+ | | | | | | | | | | | | | | | | | | | | | | | | | | | | | | | | | | | | | | | ????????????????????###########??????????????????? | | ????????????????????# ! #??????????????????? | | ????????????????????# | #??????????????????? | | ????????????????????# #??????????????????? | | ????????????????????#""" ! #??????????????????? | | ????????????????????#"Y ! #??????????????????? | | ????????????????????#"" Y@ #??????????????????? | | ????????????????????# |[%= #??????????????????? | | ????????????????????# =%=R%= #??????????????????? | | ????????????????????#####p;####??????????????????? | | ?????????????????????# ==%= #???????????????????? | | ?????????????????????# =h #???????????????????? | | ?????????????????????# h#???????????????????? | | ?????????????????????# #???????????????????? | | ???????????????########## BB#???????????????????? | | ???????????????# ! # BB#???????????????????? | | ???????????????# # #???????????????????? | | ???????????????# + Y #???????????????????? | | ???????????????# # #???????????????????? | | ???????????????# # #???????????????????? | | ???????????????# [%! ?# #???????????????????? | | ???????????????# [! ?# #???????????????????? | | ???????????????# [! ??# #???????????????????? | | ???????????????# ??# ###+####????????????? | | ???????????????# ####???# #????????????? | | ???????????????#????????# B #????????????? | | ????????????????????????# B #????????????? | | ????????????????????????# #????????????? | | ????????????????????????######## #????????????? | | ???????????????????????????? ?# #????????????? | | ????????????????????????????? *# #?#+#+######+# | +----------------------------------------------------+ Best States ------------- Heat Dissipation 104 Coolant Potential 100 Energy Generation 34 Energy Capacity 875 Matter Stores 300 Matter Capacity 300 Sight Range 24 Robot Scan Range 16 Terrain Scan Range 16 Terrain Scan Density 10 Jamming Range 16 Cloak Strength 2 Base Temperature (-) 200 Armor Coverage 225 Propulsion Shielding 90 Evasion (%) 64 Targeting Accuracy 12 Core Analysis 6 Recoil Reduction 4 Matter Filtering 50 Offensive Hacking 10 Defensive Hacking 10 Item Schematics ----------------- Adv. Visual Processing Unit | -7/Factory | Extracted System Shield | -7/Factory | Extracted ECM Suite | -6/Factory | Extracted Arm. Leg | -6/Factory | Extracted Imp. Arc Thrower | -4/Zhirov | Free Exp. Optical Array | -4/Zhirov | Free Exp. Heat Sink | -4/Zhirov | Free Assault Drone Bay | -4/Zhirov | Free Robot Schematics ------------------ None Fabricated ------------ E-15 Imp | x2 | -5/Factory | Preloaded Repaired ---------- VTOL Module | 12% | -5/Factory Studied --------- Nuclear Pulse Thruster | -5/Factory | Hacked Gravmag Array | -3/Research | Hacked Alien Tech Used ----------------- Transdimensional Reconstructor Integrated Dissipator Achievements -------------- DIY Cooler Look Less Dangerous Next Time Suspicious Challenges ------------ None Game ------ Seed ParticleAssaultBlade Manual? 0 Play Time 01:36:31 Cumulative 83.8 hours Start 2025.12.31 @ 13:25:40 End 2025.12.31 @ 15:04:37 Sessions 1 Manual Loads 0 Difficulty Rogue Special Mode None Game No. 134 Rogue 110 Adventurer 20 Explorer 4 Win Type - Total 1 Types 0/0/0/1/0/0/0/0/0/0 Lore% 52 Gallery% 45 Achievement% 35 Wizard Run 0 Options --------- Layout 1 ASCII 0 Keyboard 0 Movement Numpad Keybinds 0 Fullscreen 2 Font 24/Smallcaps Map View 50x35 Zoom Use 0% Tactical HUD 1 Map Filters NONE Filters NONE Steam 1 RUN: 2c503291-60e1-4972-9c05-fa220845b410